Map: Inside and Out

Players

Timorus

  • Race: Terran Terran
  • Spawn Location: 7:00

ShaDoWn - Winner!

  • Race: Protoss Protoss
  • Spawn Location: 1:00

Event: DreamHack SC2 Masters 2022 Atlanta (Offline)

VOD

Have the link to the VOD?

Description

Time

  • Played on: Nov. 18, 2022, 12:03 p.m.
  • Length: 4:32

All games in this series

Show
View Real Time Build Order
Export as new Build Order

Timorus Terran 

Build Orders:  

Get SALT Encoding   

  12  0:00  SCV  
  13  0:12  SCV  
  14  0:16  Supply Depot  
  14  0:24  SCV  
  15  0:38  SCV, Barracks  
  16  0:45  Supply Depot  
  16  0:50  SCV  
  17  1:03  SCV  
  18  1:07  Barracks  
  18  1:15  SCV  
  19  1:25  Marine  
  19  1:28  Orbital Command  
  19  1:31  Barracks  
  20  1:41  Barracks  
  20  1:49  Marine  
  21  1:55  Marine  
  21  1:58  Barracks  
  22  2:06  SCV  
  22  2:07  Marine  
  24  2:10  Supply Depot  
  24  2:13  Marine  
  25  2:18  Marine  
  26  2:25  Marine  
  26  2:28  SCV  
  26  2:29  Marine  
  29  2:30  Marine  
  29  2:36  Marine  
  31  2:43  Marine  
  32  2:47  Marine  
  32  2:50  Marine x2  
  35  2:54  Marine  
  36  3:01  SCV, Marine  
  36  3:05  Marine  
  39  3:07  Marine  
  39  3:15  Marine  
  39  3:19  Marine  
  39  3:27  Marine  
  39  3:28  Marine  
  39  3:31  Marine  
  39  3:35  SCV  
  37  3:45  Marine  
  37  3:47  SCV  
  35  3:57  Marine  
  35  4:00  Marine  
  34  4:06  SCV  
  27  4:18  SCV  
Show
View Real Time Build Order
Export as new Build Order

ShaDoWn Protoss - Winner!

Build Orders: 1 Gate Expand 

Get SALT Encoding   

  12  0:00  Probe  
  13  0:12  Probe  
  14  0:19  Pylon  
  14  0:24  Probe  
  15  0:37  Probe (Chrono Boost), Gateway  
  16  0:48  Probe (Chrono Boost), Assimilator  
  17  0:53  Probe (Chrono Boost)  
  18  1:03  Probe  
  19  1:15  Probe  
  20  1:24  Cybernetics Core  
  20  1:25  Zealot  
  22  1:39  Nexus  
  22  1:46  Pylon  
  22  1:49  Probe  
  22  1:55  Assimilator  
  22  2:02  Stalker (Chrono Boost)  
  22  2:05  Probe  
  25  2:08  Warp Gate  
  25  2:17  Probe  
  25  2:22  Stalker (Chrono Boost)  
  26  2:29  Probe  
  29  2:41  Probe  
  30  2:50  Stalker (Chrono Boost)  
  32  2:52  Robotics Facility  
  32  2:53  Probe  
  33  2:58  Shield Battery  
  33  3:02  Shield Battery  
  33  3:09  Probe  
  33  3:11  Shield Battery  
  34  3:26  Pylon  
  34  3:40  Immortal (Chrono Boost)  
  38  3:53  Probe  
  39  3:56  Pylon  
  39  3:57  Shield Battery  
  39  3:59  Probe  
  38  4:07  Probe  
  35  4:15  Probe  
  34  4:21  Probe (Chrono Boost)  
Tags
 
Add a new tag
Caveats
  • Supply blocks, unpowered buildings, or Contaminate may cause inaccurate times.
  • Supply counts are checked every 10 seconds.